 Dungeon Crawl Stone Soup version 0.27-a0-328-g7f782ed93a (webtiles) character file.

Game seed: 17926373081652436863

505 CurlyBrace the Sneak (level 6, 31/31 HPs)
             Began as a Felid Summoner on Feb 11, 2021.
             Was an Initiate of Cheibriados.
             Quit the game on level 7 of the Dungeon on Feb 22, 2021.
             The game lasted 00:38:25 (2123 turns).

CurlyBrace the Sneak (Felid Summoner)               Turns: 2123, Time: 00:38:26

Health: 31/31      AC:  2    Str:  7    XL:     6   Next: 96%
Magic:  10/10      EV: 21    Int: 18    God:    Cheibriados [......]
Gold:   335        SH:  0    Dex: 17    Spells: 2/9 levels left
                                        Lives:  0   Deaths: 2

rFire    . . .     SeeInvis +     - Unarmed
rCold    . . .     Faith    .   (shield unavailable)
rNeg     . . .     Spirit   .   (armour unavailable)
rPois    .         Reflect  .   (helmet unavailable)
rElec    .         Harm     .   (cloak unavailable)
rCorr    .         Rampage  .   (gloves unavailable)
Will     .....                  (boots unavailable)
Stlth    ++++......             (no amulet)
HPRegen  0.10/turn              (no ring)
MPRegen  0.12/turn              (no ring)

@: no status effects
A: very small, no armour, no weapons or thrown items, stealth, claws 1, fangs 3,
see invisible, speed 1, shaggy fur 2, sharp paws
a: Renounce Religion, Bend Time


You were on level 7 of the Dungeon.
You worshipped Cheibriados.
Cheibriados was noncommittal.
You visited 2 branches of the dungeon, and saw 9 of its levels.
You also visited: Sewer and Ossuary.

You collected 335 gold pieces.

Inventory:

Scrolls
 b - a scroll of fear
 c - 2 scrolls of amnesia
 e - 2 scrolls of random uselessness
 g - a scroll of enchant armour
 j - a scroll of enchant weapon
 l - a scroll of noise
 r - a scroll of identify
 z - a scroll of blinking
Potions
 d - a potion of brilliance
 f - a potion of invisibility
 h - a potion of magic
 q - 4 potions of curing
 w - a potion of heal wounds


   Skills:
 * Level 6.0 Fighting
 + Level 5.6 Dodging
 + Level 6.0 Stealth
 * Level 5.9 Unarmed Combat
 - Level 2.0 Spellcasting
 - Level 4.0 Summonings
 + Level 0.0 Ice Magic


You had 2 spell levels left.
You knew the following spells:

 Your Spells              Type           Power        Failure   Level
a - Summon Small Mammal   Summ           64%          3%          1
b - Call Imp              Summ           16%          5%          2
c - Summon Ice Beast      Ice/Summ       9%           61%         4

Your spell library contained the following spells:

 Spells                   Type           Power        Failure   Level
 Call Canine Familiar     Summ           16%          11%         3
 Summon Guardian Golem    Hex/Summ       9%           24%         3
 Summon Lightning Spire   Summ/Air       9%           61%         4


Dungeon Overview and Level Annotations

Branches:
Dungeon (8/15)             Temple (1/1) D:7           Sewer (visited)
Ossuary (visited)
   Lair: D:8-11

Altars:
Cheibriados
Gozag
Uskayaw
Yredelemnul
The Shining One

Annotations:
D:3 exclusion: adder
D:5 exclusions: ogre and upstairs, Grinder
D:6 exclusion: upstairs
D:8 exclusion: upstairs


Innate Abilities, Weirdness & Mutations

You cannot wear armour.
You are incapable of wielding weapons or throwing items.
Your paws allow you to move quietly. (Stealth)
You have sharp claws.
You have razor-sharp teeth.
You have supernaturally acute eyesight. (SInv)
You cover ground quickly.
You are covered in thick fur. (AC +2)
Your sharp claws are effective at attacking unaware monsters.


Message History

The orc warrior hits your white imp with a +0 scimitar!!
Your white imp dies!
The orc warrior shouts!
Unknown command.
Casting: Call Imp (safe; 5% risk of failure)
Confirm with . or Enter, or press ? or * to list all spells.
You miscast Call Imp.
You are very lightly contaminated with residual magic.
Nothing appears to happen.
Unknown command.
Unknown command.
Unknown command.
You aren't carrying any items that you can evoke.
Unknown command.
Unknown command.
You feel better.
Casting: Call Imp (safe; 5% risk of failure)
Confirm with . or Enter, or press ? or * to list all spells.
You miscast Summon Small Mammal.
Nothing appears to happen.
You scratch the orc warrior but do no damage.
You bite the orc warrior, but do no damage.
The orc warrior is almost dead.
The orc warrior closely misses you.
You barely miss the orc warrior. Your bite misses the orc warrior.
The orc warrior is almost dead.
The orc warrior completely misses you.
You scratch the orc warrior but do no damage.
The orc warrior is almost dead.
The orc warrior hits you with a +0 scimitar!
You barely miss the orc warrior.
You bite the orc warrior, but do no damage.
The orc warrior is severely wounded.
You scratch the orc warrior.
The orc warrior is almost dead.
The orc warrior hits you with a +0 scimitar!!
Ouch! That really hurt!
You die...
You are now level 6!
You rejoin the land of the living...
Are you sure you want to abandon this character and quit the game? (Confirm with "yes".)

#.####.........# #.#.#.#
#...........##.#.#.#.#.#
#.########### .#.#.#.#.#
#.# .#.#<..#.# '.#
.#.#.###.# '.#
.#.#..[..# '.#
.#.####### #.# .#.# #.#
#@# #.# #.# #.# #.# # .#
#.#.# #.#.# #<^.# #.###
#......# #.# ########


There were no monsters in sight!

Vanquished Creatures
  Duvessa (D:5)
  A water moccasin (D:5)
  Purgy (Sewer)
  A sky beast (D:5)
  An ice beast (D:5)
  3 bullfrogs
  A gnoll sergeant (D:5)
  Dowan (D:5)
  5 killer bees (D:7)
  2 howler monkeys
  A hound (D:7)
  A worker ant (D:7)
  An orc wizard (D:4)
  The ghost of ebering the Sneak, a weakling DsDe (D:5)
  3 gnolls (D:7)
  5 adders
  2 shadow imps (D:6)
  4 adder zombies
  2 worms (D:5)
  2 leopard geckos (D:4)
  8 orcs
  A ball python (D:3)
  2 bats
  8 giant cockroaches
  A goblin (D:1)
  3 hobgoblins
  4 jackals (D:6)
  A quokka (D:4)
  3 frilled lizards
  A gnoll zombie (Ossuary)
  A goblin zombie (Ossuary)
  A hobgoblin zombie (Ossuary)
  A jackal skeleton (D:4)
  6 kobolds
  2 kobold zombies (Ossuary)
  A leopard gecko zombie (D:6)
  5 rats (D:1)
  2 rat zombies (Ossuary)
90 creatures vanquished.

Vanquished Creatures (collateral kills)
  2 worker ants (D:7)
  A howler monkey skeleton (D:4)
  A worker ant zombie (D:4)
  An adder (D:2)
  A worm (D:2)
  A leopard gecko (D:1)
  2 orcs (D:7)
  A giant cockroach (D:5)
  4 goblins
  2 hobgoblins
  2 jackals (D:2)
  A frilled lizard (D:1)
  A kobold (D:1)
20 creatures vanquished.

Vanquished Creatures (others)
  A hobgoblin zombie (Ossuary)
  A kobold zombie (Ossuary)
2 creatures vanquished.

Grand Total: 112 creatures vanquished

Notes
Turn   | Place    | Note
-------+----------+-------------------------------------------
     0 | D:1      | CurlyBrace the Felid Summoner began the quest for the Orb.
     0 | D:1      | Reached XP level 1. HP: 7/7 MP: 4/4
    91 | D:1      | Reached XP level 2. HP: 5/12 MP: 1/6
   116 | D:1      | Reached skill level 1 in Unarmed Combat
   184 | D:2      | Reached skill level 1 in Fighting
   299 | D:3      | Reached XP level 3. HP: 8/15 MP: 7/7
   486 | D:4      | Found a glowing golden altar of the Shining One.
   604 | D:4      | Found a basalt altar of Yredelemnul.
   711 | D:4      | Reached XP level 4. HP: 15/19 MP: 8/8
   732 | D:4      | Found a glowing drain.
   736 | Sewer    | Entered a sewer
   823 | Sewer    | Noticed Purgy
   892 | Sewer    | Killed Purgy
   893 | Sewer    | Reached XP level 5. HP: 4/24 MP: 9/9
   932 | D:5      | Entered Level 5 of the Dungeon
   938 | D:5      | Found a runed translucent gate.
   938 | D:5      | Found a runed translucent gate.
   938 | D:5      | Found a runed translucent gate.
   939 | D:5      | Found an opulent altar of Gozag.
   940 | D:5      | Noticed ebering's ghost (weakling DsDe)
   941 | D:5      | Noticed an ice beast
   945 | D:5      | Noticed a water moccasin
   955 | D:5      | Killed a water moccasin
   956 | D:5      | Gained mutation: You are covered in thick fur. (AC +2)
                  | [Felid growth]
   956 | D:5      | Reached XP level 6. HP: 10/28 MP: 8/10
   987 | D:5      | Killed an ice beast
  1013 | D:5      | Killed ebering's ghost
  1083 | D:5      | Found a sand-covered staircase.
  1083 | D:5      | Noticed Grinder
  1083 | D:5      | Paralysed by Grinder for 5 turns
  1091 | Ossuary  | Entered an ossuary
  1263 | D:6      | Learned a level 2 spell: Call Imp
  1371 | D:6      | Reached XP level 7. HP: 33/33 MP: 11/11
  1537 | D:5      | Noticed Dowan
  1636 | D:5      | Paralysed by Grinder for 4 turns
  1640 | D:5      | Slain by Grinder
  1641 | D:5      | Reached XP level 6. HP: -2/30 MP: 4/10
  1780 | D:5      | Noticed Duvessa
  1782 | D:5      | Killed Dowan
  1783 | D:5      | Reached skill level 5 in Fighting
  1783 | D:5      | Reached skill level 5 in Stealth
  1783 | D:5      | Reached skill level 5 in Unarmed Combat
  1839 | D:5      | Killed Duvessa
  1840 | D:5      | Reached skill level 5 in Dodging
  1840 | D:5      | Reached XP level 7. HP: 15/33 MP: 1/11
  2072 | D:7      | Found a staircase to the Ecumenical Temple.
  2081 | Temple   | Entered the Ecumenical Temple
  2084 | Temple   | Became a worshipper of Cheibriados the Contemplative
  2095 | D:7      | Learned a level 4 spell: Summon Ice Beast
  2122 | D:7      | Slain by an orc warrior
  2123 | D:7      | Reached XP level 6. HP: -1/31 MP: 0/10
  2123 | D:7      | Quit the game

Illustrated notes

Levels and vault maps discovered:
D:1:      elethiomel_arrival_diamonds, layout_basic
D:2:      layout_rooms
D:3:      layout_loops_ring, amethyst_overflow_temple_binary,
          gammafunk_ghost_mausoleum
D:4:      layout_loops_cross, kennysheep_ying_yang, old_standard_altar,
          gup_sewer_entry_bowl
D:5:      layout_cave_pools, ebering_ghost_gozag,
          nicolae_ossuary_entry_monument, chequers_serial_rivers_room_b,
          uniq_crazy_yiuf_cottage, uniq_grinder, uniq_duvessa
D:6:      layout_loops_ring, hangedman_decor_opposing
D:7:      layout_basic, marbit_many_paths, temple_green, kennysheep_donut,
          kennysheep_nub
D:8:      layout_basic, serial_curves, eino_curves_02, eino_curves_01,
          trog_three_pillars_becter, uniq_harold
Temple:   nicolae_temple_hex_pool

Skill      XL: |  1  2  3  4  5  6  7 |
---------------+----------------------+-----
Stealth        | 3 5 6 |  6.0
Unarmed Combat | 1 2 3 5 |  5.9
Fighting       | 1 2 3 5 6 |  6.0
Dodging        | 3 5 |  5.6
Spellcasting   | |  2.0
Summonings     | |  4.0

Action                   |  1- 3 |  4- 6 |  7- 9 || total
-------------------------+-------+-------+-------++-------
Melee: Unarmed           |    83 |   138 |    85 ||   306
       Bite              |     8 |    13 |     9 ||    30
       Punch             |     1 |       |     2 ||     3
 Cast: Summon Small Mamm |    20 |    13 |     9 ||    42
       Call Imp          |       |     4 |    15 ||    19
  Use: Scroll            |     6 |     4 |     8 ||    18
       Potion            |       |    11 |     5 ||    16
 Stab: Sleeping          |     5 |     8 |     1 ||    14
       Distracted        |     1 |     2 |     2 ||     5
       Invisible         |       |     7 |       ||     7
Armor: Skin              |     2 |     8 |     7 ||    17
Dodge: Dodged            |    56 |   113 |    80 ||   249

Table legend: (Time is in decaauts)
 A = Elapsed time spent in this place.
 B = Non-inter-level travel time spent in this place.
 C = Inter-level travel time spent in this place.
 D = Time resting spent in this place.
 E = Time spent auto-exploring this place.
 F = Levels seen in this place.
 G = Mean time per level.
                   A        B        C        D        E       F      G
               +--------+--------+--------+--------+--------+-----+--------+
         Total |   1824 |   1808 |     16 |      0 |      0 |  11 |  165.8 |
       Dungeon |   1570 |   1554 |     16 |      0 |      0 |   8 |  196.2 |
        Temple |      6 |      6 |      0 |      0 |      0 |   1 |    6.0 |
         Sewer |    156 |    156 |      0 |      0 |      0 |   1 |  156.0 |
       Ossuary |     90 |     90 |      0 |      0 |      0 |   1 |   90.0 |
               +--------+--------+--------+--------+--------+-----+--------+

Top non-repeatable levels by time:
     D:4: 348 daAuts
     D:5: 312 daAuts
     D:7: 231 daAuts
     D:6: 215 daAuts
     D:3: 181 daAuts
   Sewer: 156 daAuts
     D:2: 143 daAuts
     D:1: 102 daAuts
 Ossuary: 90 daAuts
     D:8: 34 daAuts
  Temple: 6 daAuts
